AoeStats
← Jorf

Fortress

508264692Analyzed
4v4 RM · 10d ago on Sep 21, 2026· 85m 19s· 8 players
Game mode
Random Map
Map size
Huge
Population
200
Speed
Normal
Resources
Standard
Victory
Conquest
Starting age
Dark Age
Ending age
Imperial Age
RankedLock teamsTeams togetherTeam positionsShared explorationLock speedFull tech treeHidden civsTurbo modeCheats
Victory
Defeat
🇺🇸 Vietnamese · United States
775
+11
🇫🇷 Mongols · France
749
+12
🇹🇷 Franks · Türkiye
749
+12
🇺🇸 Persians · United States
730
+13
🇹🇷 Khmer · Türkiye
701
-13
🇪🇬 Vietnamese · Egypt
654
-12
🇧🇷 Byzantines · Brazil
650
-12
🇧🇷 Italians · Brazil
648
-11
MAKNUCRINGE
8:58 Feudal Age
10:10 Wheelbarrow
10:20 Double-Bit Axe
13:51 Gold Mining
13:52 Stone Mining
13:58 Horse Collar
19:29 Castle Age
19:22 Forging
19:19 Scale Barding Armor
19:17 Scale Mail Armor
19:32 Bloodlines
20:21 Hand Cart
20:42 Bow Saw
28:06 Iron Casting
28:55 Caravan
30:57 Husbandry
35:45 Imperial Age
35:44 Gold Shaft Mining
35:45 Stone Shaft Mining
37:29 Kamandaran
44:33 Blast Furnace
43:54 Chain Barding Armor
43:26 Fletching
43:37 Padded Archer Armor
45:41 Elite War Elephant
46:45 Conscription
51:43 Bodkin Arrow
52:04 Leather Archer Armor
52:26 Plate Barding Armor
53:03 Chemistry
53:06 Thumb Ring
53:36 Parthian Tactics
52:41 Crossbowman
55:16 Ring Archer Armor
yendor2003
5:46 Feudal Age
7:37 Wheelbarrow
6:54 Double-Bit Axe
12:33 Loom
15:05 Castle Age
14:10 Padded Archer Armor
14:51 Gold Mining
15:38 Loom
15:40 Town Watch
18:31 Hand Cart
19:24 Stone Mining
20:54 Fletching
24:07 Bodkin Arrow
24:36 Leather Archer Armor
29:08 Imperial Age
27:52 Elite Skirmisher
30:55 Bow Saw
31:22 Bracer
31:53 Ring Archer Armor
38:35 Caravan
43:52 Two-Man Saw
45:30 Ballistics
45:57 Paper Money
48:46 Elite Rattan Archer
50:45 Chatras
51:22 Hoardings
52:00 Forging
51:56 Scale Barding Armor
51:19 Imperial Skirmisher
52:05 Thumb Ring
53:53 Chemistry
52:37 Treadmill Crane
55:33 Guilds
55:40 Siege Engineers
55:32 Murder Holes
55:48 Fortified Wall
58:04 Hoardings
57:46 Herbal Medicine
57:55 Town Patrol
63:13 Iron Casting
62:39 Scale Mail Armor
62:59 Chain Barding Armor
63:59 Heavy Cavalry Archer
64:03 Crossbowman
67:24 Elite Battle Elephant
68:05 Husbandry
68:16 Bloodlines
70:37 Plate Barding Armor
74:56 Cavalier
83:40 Block Printing
83:51 Illumination
83:47 Sanctity
Hüso
9:45 Feudal Age
14:57 Castle Age
17:15 Wheelbarrow
17:16 Double-Bit Axe
17:24 Gold Mining
17:25 Stone Mining
21:47 Bow Saw
22:17 Gold Shaft Mining
22:52 Caravan
29:30 Imperial Age
27:18 Hand Cart
27:33 Scale Barding Armor
27:29 Scale Mail Armor
29:18 Chain Barding Armor
29:14 Chain Mail Armor
29:31 Cavalier
30:14 Husbandry
30:57 Chivalry
30:55 Paladin
32:44 Plate Barding Armor
33:00 Plate Mail Armor
36:15 Forging
43:47 Chemistry
43:07 Ballistics
42:13 Capped Ram
Ryusuke
4:47 Loom
5:02 Loom
8:53 Feudal Age
12:47 Wheelbarrow
11:54 Horse Collar
12:02 Double-Bit Axe
12:13 Gold Mining
14:46 Stone Mining
16:59 Castle Age
15:08 Scale Barding Armor
15:14 Forging
15:18 Bloodlines
19:16 Husbandry
25:36 Fletching
27:52 Padded Archer Armor
27:48 Bodkin Arrow
28:29 Iron Casting
29:31 Hand Cart
30:02 Heavy Plow
34:04 Imperial Age
31:45 Thumb Ring
33:57 Leather Archer Armor
35:18 Conscription
34:19 Elite Mangudai
36:31 Chemistry
35:51 Ballistics
35:36 Bracer
35:57 Chain Barding Armor
36:09 Capped Ram
37:27 Siege Ram
42:54 Elite Steppe Lancer
42:57 Light Cavalry
44:48 Gold Shaft Mining
45:00 Drill
49:12 Blast Furnace
49:09 Onager
51:42 Siege Onager
53:47 Nomads
Carpeado BR
3:07 Loom
7:21 Feudal Age
7:59 Horse Collar
8:10 Double-Bit Axe
11:51 Wheelbarrow
15:12 Castle Age
15:32 Gold Mining
15:33 Stone Mining
17:27 Fletching
18:39 Heavy Plow
24:20 Padded Archer Armor
25:02 Town Watch
25:33 Hand Cart
27:05 Bodkin Arrow
27:26 Leather Archer Armor
32:40 Imperial Age
34:36 Hoardings
34:22 Conscription
35:53 Bracer
36:40 Ring Archer Armor
36:50 Thumb Ring
36:06 Elite Skirmisher
42:04 Elite Genoese Crossbowman
44:27 Crop Rotation
46:41 Squires
51:43 Scale Mail Armor
51:53 Forging
54:30 Town Patrol
55:24 Stone Shaft Mining
54:56 Imperial Skirmisher
59:55 Chemistry
59:19 Ballistics
58:56 Murder Holes
59:13 Fortified Wall
Jorf
7:05 Feudal Age
7:35 Double-Bit Axe
11:32 Horse Collar
14:24 Gold Mining
19:31 Castle Age
19:42 Elite Skirmisher
20:23 Fletching
20:33 Padded Archer Armor
23:13 Light Cavalry
28:18 Bow Saw
35:25 Imperial Age
38:22 Imperial Skirmisher
40:08 Heavy Camel Rider
42:33 Forging
50:22 Conscription
51:54 Two-Man Saw
55:52 Husbandry
Ruhi TIĞLI
15:28 Feudal Age
14:36 Loom
16:25 Feudal Age
17:14 Double-Bit Axe
17:19 Gold Mining
17:19 Stone Mining
20:05 Castle Age
20:31 Horse Collar
25:01 Imperial Age
26:51 Wheelbarrow
28:15 Hand Cart
28:32 Caravan
29:34 Heavy Plow
32:27 Double Crossbow
32:48 Conscription
35:57 Heavy Scorpion
37:13 Fletching
38:53 Chemistry
39:12 Bodkin Arrow
39:18 Padded Archer Armor
40:06 Gold Shaft Mining
40:06 Stone Shaft Mining
40:55 Onager
44:12 Onager
45:15 Town Watch
46:05 Crop Rotation
45:46 Bow Saw
45:44 Siege Engineers
46:00 Ballistics
45:43 Bracer
46:00 Leather Archer Armor
49:32 Ring Archer Armor
49:17 Fortified Wall
52:18 Capped Ram
53:36 Siege Ram
mfouad134
8:32 Feudal Age
8:56 Horse Collar
9:07 Double-Bit Axe
10:01 Wheelbarrow
16:04 Castle Age
14:22 Padded Archer Armor
17:04 Bow Saw
16:56 Heavy Plow
17:10 Fletching
17:40 Hand Cart
17:36 Gold Mining
17:58 Caravan
21:59 Bodkin Arrow
22:19 Town Watch
22:26 Loom
22:10 Crossbowman
23:33 Thumb Ring
27:54 Leather Archer Armor
31:01 Imperial Age
30:17 Ballistics
32:37 Ring Archer Armor
32:07 Bracer
33:12 Chemistry
33:07 Siege Engineers
32:29 Elite Skirmisher
32:30 Arbalester
38:00 Imperial Skirmisher
45:30 Scale Mail Armor
45:42 Forging
45:34 Pikeman
46:16 Squires
46:35 Halberdier
48:16 Chain Mail Armor
48:37 Iron Casting
50:40 Plate Mail Armor
53:46 Fortified Wall
54:40 Paper Money
54:59 Hoardings
Connection lost

Rejoining the realm…

Still unreachable

The connection could not be restored.

Session expired

The server has moved on; the page needs a fresh start.